 Dungeon Crawl Stone Soup version 0.30-a0-949-g53dc5368d7 (webtiles) character file.

Game seed: 14642797488881113660

32 BigDaddyOpFi the Digger (level 3, -10/26 HPs)
             Began as a Meteoran Earth Elementalist on Mar 27, 2023.
             Mangled by a gnoll
             ... wielding a +0 flail of protection
              (14 damage)
             ... on level 3 of the Dungeon.
             The game lasted 00:01:45 (594 turns).

BigDaddyOpFi the Digger (MeEE)                       Turns: 594, Time: 00:01:46

Health: -10/26     AC:  1    Str:  9    XL:     3   Next: 64%
Magic:  3/8        EV: 13    Int: 18    God:
Gold:   40         SH:  0    Dex: 15    Spells: 7/8 levels left

rFire   . . .      SeeInvis .    g - +1 short sword (elec)
rCold   . . .      Faith    .    (no shield)
rNeg    . . .      Spirit   .    (no body armour)
rPois   .          Reflect  .    (no helmet)
rElec   .          Rampage  .    (no cloak)
rCorr   .                        c - +0 pair of gloves
Will    .....                    (no boots)
Stlth   +                        (no amulet)
HPRegen 0.24/turn                (no ring)
MPRegen 0.11/turn                (no ring)

@: glowing
A: sense surroundings 1, otherworldly, glowing, explore regen
a: no special abilities


You were on level 3 of the Dungeon.
You visited 1 branch of the dungeon, and saw 3 of its levels.

You collected 40 gold pieces.

Inventory:

Hand Weapons
 g - a +1 short sword of electrocution (weapon)
Armour
 c - a +0 pair of gloves (worn)
Scrolls
 d - a scroll of fog {unknown}
 e - a scroll of teleportation {unknown}
Potions
 a - a potion of flight {unknown}
 b - a potion of magic
 f - a potion of curing {unknown}


   Skills:
 + Level 2.9 Dodging
 + Level 1.7 Stealth
 + Level 3.1 Spellcasting
 + Level 2.0 Transmutations
 + Level 4.0 Earth Magic


You had 7 spell levels left.
You knew the following spells:

 Your Spells              Type           Power      Damage    Failure   Level
a - Sandblast             Erth           34%        2d9       3%          1

Your spell library contained the following spells:

 Spells                   Type           Power      Damage    Failure   Level
 Passwall                 Tmut/Erth      10%        N/A       7%          2
 Stone Arrow              Conj/Erth      20%        3d8       22%         3
 Petrify                  Tmut/Erth      13%        N/A       43%         4


Dungeon Overview and Level Annotations

Branches:
Dungeon (3/15) Zot: 1190

Altars:

Shops:
D:1 !


Innate Abilities, Weirdness & Mutations

You passively map a small area around you.
You are easily found by Zot.
You glow in the dark.
You regain HP and MP as you explore.


Message History

Unknown command.
You escape the ball python's grasp.
The ball python bites you. The ball python misses you.
You climb downwards.
There is a stone staircase leading up here.
You completely miss the ball python. The ball python barely misses you.
The ball python grabs you. The ball python constricts you.
You barely miss the ball python. The ball python bites you.
The ball python constricts you.
You hit the ball python.
You kill the ball python!
Your Earth Magic skill increases to level 4!
Casting: Sandblast (safe; 3% risk of failure)
Confirm with . or Enter, or press ? or * to list all spells.
Aiming: Sandblast (safe; 3% risk of failure)
Press: ? - help, Shift-Dir - straight line, f - gnoll
Aim: a gnoll, wielding a +0 flail of protection (lightly wounded, 84% to hit)
The blast of sand hits the gnoll.
The gnoll is heavily wounded.
The gnoll hits you with a +0 flail of protection.
Casting: Sandblast (safe; 3% risk of failure)
Confirm with . or Enter, or press ? or * to list all spells.
Aiming: Sandblast (safe; 3% risk of failure)
Press: ? - help, Shift-Dir - straight line, f/p - gnoll
Aim: a gnoll, wielding a +0 flail of protection (heavily wounded, 84% to hit)
The blast of sand hits the gnoll but does no damage.
The gnoll is heavily wounded.
The gnoll misses you.
The gnoll hits you with a +0 flail of protection.
* * * LOW HITPOINT WARNING * * *
Casting: Sandblast (safe; 3% risk of failure)
Confirm with . or Enter, or press ? or * to list all spells.
Aiming: Sandblast (safe; 3% risk of failure)
Press: ? - help, Shift-Dir - straight line, f/p - gnoll
Aim: a gnoll, wielding a +0 flail of protection (heavily wounded, 84% to hit)
The blast of sand hits the gnoll but does no damage.
The gnoll is heavily wounded.
The gnoll hits you with a +0 flail of protection!
Ouch! That really hurt!
You die... * , , ,, * + , , * * * * , ,* , , , ,, * * # , , * #.### #.g@# ,, ##### * , ,, , , , * * * *, , ,, * , , , * * ,

You could see a gnoll.

Vanquished Creatures
  A dart slug (D:1)
  5 ball pythons
  A bat (D:1)
  2 endoplasms (D:1)
  2 giant cockroaches (D:1)
  2 goblins
  3 hobgoblins (D:1)
  2 kobolds (D:1)
  4 quokkas (D:1)
  A frilled lizard (D:1)
  A rat (D:1)
24 creatures vanquished.

Notes
Turn   | Place    | Note
-------+----------+-------------------------------------------
     0 | D:1      | BigDaddyOpFi the Meteoran Earth Elementalist began the
                  | quest for the Orb.
     0 | D:1      | Reached XP level 1. HP: 14/14 MP: 5/5
   148 | D:1      | Reached XP level 2. HP: 13/20 MP: 2/6
   292 | D:1      | Reached XP level 3. HP: 26/26 MP: 6/8
   418 | D:1      | Found Yxif Kiu's Distillery.
   488 | D:1      | Glimpsed the power of Zot.
   538 | D:1      | Glimpsed the power of Zot.
   592 | D:3      | Reached skill level 4 in Earth Magic
   594 | D:3      | Mangled by a gnoll

Illustrated notes

Levels and vault maps discovered:
D:1:      minmay_arrival_loop, layout_basic, serial_shops, nicolae_shop_trees
D:2:      layout_rooms
D:3:      layout_basic, uniq_jessica, uniq_sigmund, uniq_ijyb

Skill      XL: |  1  2  3 |
---------------+----------+-----
Spellcasting   | 3 |  3.1
Transmutations | 2 |  2.0
Earth Magic    | 4 |  4.0
Dodging        | |  2.9
Stealth        | |  1.7

Action                     || total
---------------------------++-------
  Melee: Short sword       ||    13
   Cast: Sandblast         ||    34
 Armour: Robe              ||     4
         Skin              ||     1
  Dodge: Dodged            ||    27

Table legend: (Time is in decaauts)
 A = Elapsed time spent in this place.
 B = Non-inter-level travel time spent in this place.
 C = Inter-level travel time spent in this place.
 D = Time resting spent in this place.
 E = Time spent auto-exploring this place.
 F = Levels seen in this place.
 G = Mean time per level.
                   A        B        C        D        E       F      G
               +--------+--------+--------+--------+--------+-----+--------+
         Total |    608 |    581 |     27 |      0 |    402 |   3 |  202.7 |
       Dungeon |    608 |    581 |     27 |      0 |    402 |   3 |  202.7 |
               +--------+--------+--------+--------+--------+-----+--------+

Top non-repeatable levels by time:
     D:1: 577 daAuts
     D:2: 23 daAuts
     D:3: 6 daAuts
